 Dungeon Crawl Stone Soup version 0.27-a0-909-g0721f309d1 (webtiles) character file.

Game seed: 17585077976070946532

2352 jasper the Fighter (level 9, -10/78 HPs)
             Began as a Demonspawn Artificer on Apr 8, 2021.
             Was a Priest of Makhleb.
             Mangled by an orc warlord
             ... wielding a +0 broad axe
              (14 damage)
             ... in a bailey on Apr 9, 2021.
             The game lasted 00:11:46 (7333 turns).

jasper the Fighter (Demonspawn Artificer)           Turns: 7333, Time: 00:11:47

Health: -10/78     AC: 12    Str: 15    XL:     9   Next: 20%
Magic:  12/12      EV: 15    Int: 13    God:    Makhleb [***...]
Gold:   357        SH:  0    Dex: 14    Spells: 3/8 levels left

rFire    . . .     SeeInvis .   s - +2 dagger (venom)
rCold    . . .     Faith    .   (no shield)
rNeg     . . .     Spirit   .   z - +2 ring mail {Will+}
rPois    +         Reflect  .   h - +0 helmet
rElec    .         Harm     .   j - +0 cloak
rCorr    +         Rampage  .   (no gloves)
Will     +....                  (no boots)
Stlth    +.........             (no amulet)
HPRegen  0.23/turn              i - ring of poison resistance
MPRegen  0.13/turn              w - ring of resist corrosion

@: agile
A: hooves 1, rugged brown scales 2, powered by pain 1, demonic magic 1
a: Renounce Religion, Minor Destruction, Lesser Servant of Makhleb


You were in a bailey.
You worshipped Makhleb.
Makhleb was most pleased with you.
You visited 1 branch of the dungeon, and saw 7 of its levels.
You also visited: Bailey.

You collected 357 gold pieces.

Inventory:

Hand Weapons
 a - a +0 club
 c - a +0 dagger of draining
 p - a +0 halberd
 s - a +2 dagger of venom (weapon)
 u - a +0 scythe
Missiles
 k - 10 javelins
 l - 88 arrows
 C - 29 boomerangs
Armour
 b - a +0 leather armour
 g - a +0 ring mail
 h - a +0 helmet (worn)
 j - a +0 cloak (worn)
 z - a +2 ring mail of willpower (worn)
Jewellery
 i - a ring of poison resistance (left hand)
 w - a ring of resist corrosion (right hand)
 x - a +6 ring of strength
 y - a ring of wizardry
 A - an amulet of magic regeneration
Wands
 d - a wand of charming (4) (quivered)
 e - a wand of random effects (10)
 t - a wand of polymorph (1)
Scrolls
 f - a scroll of vulnerability
 n - a scroll of immolation
 o - a scroll of summoning {unknown}
 r - 2 scrolls of identify
Potions
 m - 3 potions of magic
 q - a potion of curing
 v - a potion of might {unknown}
 B - a potion of berserk rage
 D - a potion of lignification
 E - a potion of attraction {unknown}


   Skills:
 + Level 8.3 Fighting
 * Level 7.0 Polearms
 + Level 3.5 Armour
 - Level 0.8 Dodging
 - Level 0.8 Stealth
 - Level 4.0 Invocations
 - Level 3.0 Evocations


You had 3 spell levels left.
You knew the following spells:

 Your Spells              Type           Power      Damage    Failure   Level
a - Animate Skeleton      Necr           0%         N/A       52%         1
b - Apportation           Tloc           0%         N/A       52%         1
c - Confusing Touch       Hex            0%         N/A       87%         3

Your spell library contained the following spells:

 Spells                   Type           Power      Damage    Failure   Level
 Corona                   Hex            0%         N/A       52%         1
 Summon Small Mammal      Summ           0%         N/A       52%         1
 Gell's Gravitas          Tloc           0%         N/A       87%         3
 Petrify                  Tmut/Erth      0%         N/A       99%         4
 Metabolic Englaciation   Hex/Ice        0%         N/A       100%        5
 Yara's Violent Unravell  Hex/Tmut       0%         3d3       100%        5


Dungeon Overview and Level Annotations

Branches:
Dungeon (7/15)             Bailey (1/1)
 Temple: D:4-7

Altars:
Elyvilon
Gozag
Makhleb
Okawaru
Ru
Wu Jian
Zin


Innate Abilities, Weirdness & Mutations

You have large cloven feet.
You are mostly covered in rugged brown scales. (AC +2, +5% HP)
You sometimes gain a little power by taking damage.
Spells you cast may paralyse adjacent enemies.


Message History

You hit the orc warlord but do no damage.
The orc warlord is poisoned.
Your kick misses the orc warlord.
The orc warlord hits you with a +0 broad axe.
You take 4 damage, and have 30/78 hp.
You hit the orc warlord.
The orc warlord looks as sick as possible!
You kick the orc warlord, but do no damage.
The orc warlord is lightly wounded.
The orc warlord hits you with a +0 broad axe!!
* * * LOW HITPOINT WARNING * * *
You take 20 damage, and have 10/78 hp.
MASSIVE DAMAGE!!
There is an open door here.
The kobold throws a boomerang.
The boomerang completely misses you.
The kobold throws a boomerang.
The boomerang hits you but does no damage.
The kobold throws a boomerang.
The boomerang hits you but does no damage.
There is an open door here.
Items here: $ ) ? [.
Okay, then.
You feel better.
The orc warlord hits you with a +0 broad axe!!
* * * LOW HITPOINT WARNING * * *
You take 15 damage, and have 1/78 hp.
There is an open door here.
There is an open door, spattered with blood here.
Things that are here:
a +0 hand axe; a +0 leather armour The orc warlord looks more healthy.
There is an open door, spattered with blood here.
Things that are here:
a +0 hand axe; a +0 leather armour
Okay, then.
Okay, then.
A demon appears!
You take 4 damage, and have 3/78 hp.
Your hellwing hits the orc warlord but does no damage.
Your hellwing hits the orc warlord.
The orc warlord hits you with a +0 broad axe!
You die...

♣......).....#.........≈≈'...#
♣∩.∩..)).....#....∩..o.≈≈')..#
♣......).....#.......4o3≈'...#
♣♣.....#....##8.8...8.8≈##...#
♣....##....#≈!........≈#....##
♣...##.....#≈|.....≈#≈≈#.....##
♣≈≈##......##≈≈≈#≈≈≈####......#
♣≈≈#........#########)....)8)..
♣≈≈#..8..8....@o.4..)......)...
♣ #..........#≈≈≈≈≈#(........!
##.........#≈≈≈≈≈#...8..8.?#
##...8...##≈≈≈≈≈##.......##
##.....##..(....##....!##
##...##..(......##.$.## ####
♣♣♣.....♣♣♣##### ♣♣♣∩♣♣♣


You could see an orc warlord (ally target) and a friendly hellwing (summoned).

Vanquished Creatures
  A rime drake (D:4)
  Sigmund (D:4)
  A black bear (D:6)
  A sky beast (D:5)
  2 ice beasts
  An ogre (D:5)
  2 phantoms (D:6)
  A centaur (D:6)
  A howler monkey (D:5)
  9 wights
  A gnoll shaman (D:5)
  2 hounds
  3 jellies
  7 iguanas
  Natasha (thrice) (D:2)
  A howler monkey zombie (D:6)
  8 gnolls
  A howler monkey skeleton (D:6)
  8 adders
  2 ufetubi
  2 adder skeletons (D:4)
  A worm (D:2)
  5 dart slugs
  11 orcs
  6 ball pythons
  8 bats
  4 endoplasms
  6 giant cockroaches
  6 hobgoblins
  3 jackals (D:2)
  5 quokkas
  2 frilled lizards
  13 goblins
  18 kobolds
  4 rats
150 creatures vanquished.

Vanquished Creatures (collateral kills)
  An orc warrior (Bailey)
  4 gnolls
  An orc (Bailey)
  2 hobgoblins (Bailey)
  A kobold (Bailey)
  A goblin (Bailey)
10 creatures vanquished.

Vanquished Creatures (others)
  An orc knight (Bailey)
  A goblin (Bailey)
2 creatures vanquished.

Grand Total: 162 creatures vanquished

Notes
Turn   | Place    | Note
-------+----------+-------------------------------------------
     0 | D:1      | jasper the Demonspawn Artificer began the quest for the
                  | Orb.
     0 | D:1      | Reached XP level 1. HP: 15/15 MP: 1/1
   115 | D:1      | Reached skill level 2 in Fighting
   118 | D:1      | Gained mutation: You have large cloven feet. [demonic
                  | ancestry]
   118 | D:1      | Reached XP level 2. HP: 22/22 MP: 2/2
   885 | D:2      | Reached skill level 3 in Fighting
   885 | D:2      | Gained mutation: Spells you cast may paralyse adjacent
                  | enemies. [demonic ancestry]
   885 | D:2      | Reached XP level 3. HP: 29/29 MP: 3/3
  1089 | D:2      | Noticed Natasha
  1096 | D:2      | Killed Natasha
  1276 | D:2      | Reached skill level 4 in Fighting
  1276 | D:2      | Gained mutation: You are partially covered in rugged brown
                  | scales. (AC +1, +3% HP) [demonic ancestry]
  1276 | D:2      | Reached XP level 4. HP: 30/38 MP: 4/4
  1403 | D:2      | Found Mobbayph's Magic Scroll Boutique.
  1572 | D:2      | Noticed Natasha
  1601 | D:2      | Killed Natasha
  1756 | D:2      | Found a faded altar of an unknown god.
  1836 | D:2      | Became a worshipper of Makhleb the Destroyer
  1836 | D:2      | Reached * piety under Makhleb
  2217 | D:2      | Noticed Natasha
  2235 | D:2      | Killed Natasha
  2236 | D:2      | Reached skill level 5 in Fighting
  2236 | D:2      | Reached XP level 5. HP: 20/45 MP: 5/5
  2664 | D:3      | Noticed Sigmund
  2686 | D:4      | Your ally died
  2767 | D:4      | Reached ** piety under Makhleb
  2768 | D:4      | Reached skill level 6 in Fighting
  2773 | D:4      | Gained mutation: You sometimes gain a little power by
                  | taking damage. [demonic ancestry]
  2773 | D:4      | Reached XP level 6. HP: 53/53 MP: 6/6
  2899 | D:4      | Noticed a water moccasin
  2899 | D:4      | an ogre changed into a water moccasin
  2900 | D:4      | Noticed a rime drake
  2900 | D:4      | a water moccasin changed into a rime drake
  2911 | D:4      | Killed a rime drake
  2912 | D:4      | Gained mutation: You are mostly covered in rugged brown
                  | scales. (AC +2, +5% HP) [demonic ancestry]
  2912 | D:4      | Reached XP level 7. HP: 9/61 MP: 6/8
  3626 | D:4      | Learned a level 1 spell: Animate Skeleton
  3628 | D:4      | Learned a level 1 spell: Apportation
  4231 | D:4      | Found an ornate altar of the Wu Jian Council.
  4231 | D:4      | Found an iron altar of Okawaru.
  4263 | D:5      | Entered Level 5 of the Dungeon
  4633 | D:5      | Reached skill level 7 in Fighting
  4633 | D:5      | Found an opulent altar of Gozag.
  4916 | D:5      | Reached XP level 8. HP: 47/70 MP: 11/11
  5305 | D:5      | Found a sacrificial altar of Ru.
  5502 | D:6      | Reached skill level 5 in Polearms
  6082 | D:6      | Learned a level 3 spell: Confusing Touch
  6227 | D:6      | Reached skill level 8 in Fighting
  6604 | D:7      | Reached *** piety under Makhleb
  6626 | D:7      | Reached XP level 9. HP: 77/77 MP: 12/12
  6776 | D:7      | Found a flagged portal.
  6796 | Bailey   | Entered a bailey
  6831 | Bailey   | Noticed an orc warlord
  6874 | Bailey   | Noticed an orc knight
  6912 | Bailey   | Found a runed translucent gate.
  6912 | Bailey   | Found a runed translucent gate.
  6912 | Bailey   | Found a runed translucent gate.
  7300 | Bailey   | HP: 1/78 [orc warlord/+0 broad axe (20)]
  7333 | Bailey   | Mangled by an orc warlord

Illustrated notes

Levels and vault maps discovered:
D:1:      dpeg_arrival_boxes_within_box, layout_basic
D:2:      layout_loops_corners, serial_shops, shop, basic_ecumenical_altar,
          uniq_natasha
D:3:      layout_rooms, grunt_decor_fettered, uniq_sigmund
D:4:      cheibrodos_helix_gallery, layout_loops_ring,
          gammafunk_temple_overflow_elements
D:5:      layout_basic, nicolae_ru_the_path_less_chosen,
          grunt_temple_overflow_open
D:6:      kennysheep_six_static_rooms, layout_basic, overflow_temple_1_default,
          hangedman_decor_riveting
D:7:      layout_loops_ring, lemuel_doored_altar, lemuel_coloured_pillars_altar,
          temple_statues, enter_bailey_3
Bailey:   bailey_axe_bossmonster_kennysheep, bailey

Skill      XL: |  1  2  3  4  5  6  7  8  9 |
---------------+----------------------------+-----
Fighting       | 2 3 4 5 6 7 8 |  8.3
Polearms       | 2 4 6 7 |  7.0
Invocations    | 2 4 |  4.0
Armour         | 3 |  3.5
Dodging        | |  0.8
Stealth        | |  0.8
Evocations     | |  3.0

Action                   |  1- 3 |  4- 6 |  7- 9 || total
-------------------------+-------+-------+-------++-------
Melee: Dagger            |    42 |   154 |   132 ||   328
       Club              |    23 |       |       ||    23
       Kick              |    14 |    33 |    65 ||   112
       Scythe            |       |       |   113 ||   113
Throw: Boomerang         |       |       |    31 ||    31
Invok: Lesser Servant of |       |       |     6 ||     6
Evoke: Wand              |    17 |    20 |    22 ||    59
  Use: Scroll            |       |     4 |     7 ||    11
       Potion            |       |     1 |     3 ||     4
 Stab: Paralysed         |     2 |       |       ||     2
       Sleeping          |       |       |     1 ||     1
Armor: Ring mail         |    56 |    62 |   110 ||   228
       Skin              |       |       |    26 ||    26
Dodge: Dodged            |    46 |    64 |   150 ||   260

Table legend: (Time is in decaauts)
 A = Elapsed time spent in this place.
 B = Non-inter-level travel time spent in this place.
 C = Inter-level travel time spent in this place.
 D = Time resting spent in this place.
 E = Time spent auto-exploring this place.
 F = Levels seen in this place.
 G = Mean time per level.
                   A        B        C        D        E       F      G
               +--------+--------+--------+--------+--------+-----+--------+
         Total |   7444 |   7243 |    201 |   1214 |   4483 |   8 |  930.5 |
       Dungeon |   6891 |   6690 |    201 |    926 |   4453 |   7 |  984.4 |
        Bailey |    553 |    553 |      0 |    288 |     30 |   1 |  553.0 |
               +--------+--------+--------+--------+--------+-----+--------+

Top non-repeatable levels by time:
     D:2: 1584 daAuts
     D:6: 1209 daAuts
     D:5: 1167 daAuts
     D:4: 1091 daAuts
     D:1: 868 daAuts
     D:3: 728 daAuts
  Bailey: 553 daAuts
     D:7: 240 daAuts
